 Dungeon Crawl Stone Soup version 0.30-a0-760-g5a9884bb7c (webtiles) character file.

Game seed: 14294185281915466492

166 sircluck the Poker (level 5, -2/43 HPs)
             Began as a Gnoll Reaver on Feb 10, 2023.
             Was an Initiate of Dithmenos.
             Slain by a black bear (4 damage)
             ... on level 4 of the Dungeon.
             The game lasted 00:09:09 (2865 turns).

sircluck the Poker (Gnoll Reaver)                   Turns: 2865, Time: 00:09:09

Health: -2/43      AC:  5    Str: 14    XL:     5   Next: 47%
Magic:  12/12      EV: 12    Int: 12    God:    Dithmenos [......]
Gold:   181        SH:  0    Dex: 10    Spells: 3/14 levels left

rFire   . . .      SeeInvis .    p - +3 quarterstaff (chaos)
rCold   . . .      Faith    .    (shield currently unavailable)
rNeg    . . .      Spirit   .    b - +0 leather armour
rPois   .          Reflect  .    (no helmet)
rElec   .          Harm     .    q - +0 cloak
rCorr   .          Rampage  .    (no gloves)
Will    .....                    i - +0 pair of boots
Stlth   +                        (no amulet)
HPRegen 0.27/turn                (no ring)
MPRegen 0.13/turn                (no ring)

@: no status effects
A: fangs 1, strong nose, distributed training
a: Renounce Religion


You were on level 4 of the Dungeon.
You worshipped Dithmenos.
Dithmenos was noncommittal.
You visited 1 branch of the dungeon, and saw 4 of its levels.

You collected 181 gold pieces.

Inventory:

Hand Weapons
 a - a +0 spear
 p - a +3 quarterstaff of chaos (weapon)
 r - a +0 hammer
 t - a +0 dagger of pain
 v - a +0 rapier
Missiles
 e - 2 curare-tipped darts
 m - 31 stones
 w - 12 poisoned darts
Armour
 b - a +0 leather armour (worn)
 i - a +0 pair of boots (worn)
 q - a +0 cloak (worn)
 u - a +0 buckler
Wands
 y - a wand of polymorph (7)
Scrolls
 k - 3 scrolls of fear
 l - 3 scrolls of teleportation
 n - 2 scrolls of identify
 o - a scroll of summoning {unknown}
Potions
 c - a potion of attraction {unknown}
 d - 5 potions of curing {unknown}
 f - 3 potions of cancellation {unknown}
 g - a potion of heal wounds {unknown}
 h - a potion of mutation {unknown}
 j - a potion of degeneration {unknown}
 s - 2 potions of lignification {unknown}
 x - a potion of haste {unknown}
 z - a potion of flight {unknown}


   Skills:
 + Level 4.8 Fighting
 + Level 1.6 Short Blades
 + Level 1.6 Long Blades
 + Level 1.6 Axes
 + Level 1.6 Maces & Flails
 + Level 6.7 Polearms
 + Level 1.6 Staves
 + Level 1.6 Ranged Weapons
 + Level 1.6 Throwing
 + Level 1.6 Armour
 + Level 4.8 Dodging
 + Level 1.6 Stealth
 + Level 1.6 Shields
 + Level 1.6 Unarmed Combat
 + Level 5.2 Spellcasting
 + Level 5.5 Conjurations
 + Level 1.2 Hexes
 + Level 1.2 Summonings
 + Level 1.2 Necromancy
 + Level 1.2 Translocations
 + Level 1.2 Transmutations
 + Level 1.2 Fire Magic
 + Level 1.2 Ice Magic
 + Level 1.2 Air Magic
 + Level 1.2 Earth Magic
 + Level 1.2 Poison Magic
 + Level 1.8 Invocations
 + Level 1.6 Evocations


You had 3 spell levels left.
You knew the following spells:

 Your Spells              Type           Power      Damage    Failure   Level
a - Kiss of Death         Conj/Necr      44%        2d8       6%          1
b - Momentum Strike       Conj/Tloc      22%        3d8       9%          2
c - Passwall              Tmut/Erth      5%         N/A       22%         2
d - Hailstorm             Conj/Ice       11%        3d5       19%         3
e - Stone Arrow           Conj/Erth      22%        3d8       19%         3

Your spell library contained the following spells:

 Spells                   Type           Power      Damage    Failure   Level
 Sandblast                Erth           12%        2d6       14%         1
 Ice Form                 Ice/Tmut       6%         N/A       80%         4
 Simulacrum               Ice/Necr       3%         N/A       100%        6


Dungeon Overview and Level Annotations

Branches:
Dungeon (4/15)
 Temple: D:4-7

Altars:
Dithmenos
Hepliaklqana
Okawaru
Qazlal


Innate Abilities, Weirdness & Mutations

You have very sharp teeth.
Your uncanny sense of smell can sniff out nearby items.
Your experience applies equally to all skills.


Message History

The black bear barely misses you.
You hit the black bear.
The black bear goes berserk!
The black bear is lightly wounded.
The black bear bites you.
The black bear claws you but does no damage. x2
The black bear misses you. The black bear claws you. The black bear misses you.
You sock the black bear!
The black bear resists with some effort.
The black bear is moderately wounded.
The black bear barely misses you. The black bear closely misses you.
The black bear barely misses you. The black bear bites you!
The black bear claws you. x2
You are too injured to fight recklessly!
You are too injured to fight recklessly!
You are too injured to fight recklessly!
You are too injured to fight recklessly!
You are too injured to fight recklessly!
You are too injured to fight recklessly!
You are too injured to fight recklessly!
You are too injured to fight recklessly!
You are too injured to fight recklessly!
You are too injured to fight recklessly!
You are too injured to fight recklessly!
The black bear bites you. The black bear barely misses you. x2
The black bear attacks as you move away!
The black bear closely misses you. x2; The black bear barely misses you.
The black bear bites you!
* * * LOW HITPOINT WARNING * * *
The black bear claws you.
* * * LOW HITPOINT WARNING * * *
The black bear claws you but does no damage.
The black bear attacks as you move away!
The black bear misses you. The black bear closely misses you.
The black bear claws you.
* * * LOW HITPOINT WARNING * * *
The black bear attacks as you move away!
The black bear bites you but does no damage.
The black bear claws you but does no damage.
The black bear closely misses you. The black bear bites you.
You die...

#.#.#.#
#.....#
#.....#
#.#.#.#
#.....#
#.....#
#.#.#.#
#....h#
#....@#
#.#.#.#
#.....#
#.....#
#.#.#.#
#.....#
#.....#
#.#.#.#
#.....#


You could see a black bear (berserk).

Vanquished Creatures
  A hound (D:3)
  Crazy Yiuf (D:2)
  An adder (D:3)
  4 worms
  5 dart slugs
  2 orcs (D:3)
  9 ball pythons
  7 bats
  5 endoplasms
  2 giant cockroaches
  7 goblins
  5 hobgoblins
  9 jackals
  8 kobolds
  2 quokkas (D:2)
  4 frilled lizards
  A rat (D:1)
73 creatures vanquished.

Notes
Turn   | Place    | Note
-------+----------+-------------------------------------------
     0 | D:1      | sircluck the Gnoll Reaver began the quest for the Orb.
     0 | D:1      | Reached XP level 1. HP: 20/20 MP: 6/6
   167 | D:1      | You fall into a shaft and drop 1 floor!
   228 | D:2      | Reached XP level 2. HP: 24/26 MP: 7/7
   457 | D:2      | Reached skill level 5 in Spellcasting
   457 | D:2      | Reached XP level 3. HP: 29/31 MP: 7/9
   645 | D:2      | Learned a level 2 spell: Momentum Strike
   778 | D:2      | Learned a level 2 spell: Passwall
   781 | D:2      | Reached skill level 1 in Invocations
   785 | D:2      | Learned a level 3 spell: Hailstorm
   789 | D:2      | Learned a level 3 spell: Stone Arrow
   928 | D:2      | Found a runed translucent door.
   929 | D:2      | Noticed Crazy Yiuf
   974 | D:2      | Found a stormy altar of Qazlal.
  1300 | D:2      | Killed Crazy Yiuf
  1301 | D:2      | Reached skill level 1 in Short Blades
  1301 | D:2      | Reached skill level 1 in Long Blades
  1301 | D:2      | Reached skill level 1 in Axes
  1301 | D:2      | Reached skill level 1 in Maces & Flails
  1301 | D:2      | Reached skill level 1 in Staves
  1301 | D:2      | Reached skill level 1 in Ranged Weapons
  1301 | D:2      | Reached skill level 1 in Throwing
  1301 | D:2      | Reached skill level 1 in Armour
  1301 | D:2      | Reached skill level 1 in Stealth
  1301 | D:2      | Reached skill level 1 in Shields
  1301 | D:2      | Reached skill level 1 in Unarmed Combat
  1301 | D:2      | Reached skill level 1 in Evocations
  1301 | D:2      | Reached XP level 4. HP: 34/38 MP: 11/11
  1582 | D:1      | Reached skill level 1 in Hexes
  1582 | D:1      | Reached skill level 1 in Summonings
  1582 | D:1      | Reached skill level 1 in Necromancy
  1582 | D:1      | Reached skill level 1 in Translocations
  1582 | D:1      | Reached skill level 1 in Transmutations
  1582 | D:1      | Reached skill level 1 in Fire Magic
  1582 | D:1      | Reached skill level 1 in Ice Magic
  1582 | D:1      | Reached skill level 1 in Air Magic
  1582 | D:1      | Reached skill level 1 in Earth Magic
  1582 | D:1      | Reached skill level 1 in Poison Magic
  2068 | D:3      | Found an iron altar of Okawaru.
  2225 | D:3      | Reached XP level 5. HP: 42/43 MP: 12/12
  2295 | D:3      | Found a hazy altar of Hepliaklqana.
  2297 | D:3      | Found a shadowy altar of Dithmenos.
  2299 | D:3      | Noticed a shadow
  2309 | D:3      | Became a worshipper of Dithmenos the Shadowed
  2853 | D:4      | Noticed a black bear
  2864 | D:4      | HP: 2/43 [black bear (1)]
  2865 | D:4      | Slain by a black bear

Illustrated notes

Levels and vault maps discovered:
D:1:      saegor_arrival_simple_b, layout_loops_ring
D:2:      layout_loops_corners, basic_altar, uniq_crazy_yiuf_cottage
D:3:      layout_rooms, riverfiend_overflow_shadow_ancestor,
          okawaru_ov_weapons_minmay
D:4:      layout_loops_ring, serial_shops, nicolae_diamond_shop,
          columned_hall_lemuel, hangedman_abyss_or_decor_stagger,
          serial_bayou_ford_a, hangedman_decor_clover_reticule

Skill      XL: |  1  2  3  4 |
---------------+-------------+-----
Spellcasting   | 5 |  5.2
Invocations    | 1 |  1.8
Short Blades   | 1 |  1.6
Long Blades    | 1 |  1.6
Axes           | 1 |  1.6
Maces & Flails | 1 |  1.6
Staves         | 1 |  1.6
Ranged Weapons | 1 |  1.6
Throwing       | 1 |  1.6
Armour         | 1 |  1.6
Stealth        | 1 |  1.6
Shields        | 1 |  1.6
Unarmed Combat | 1 |  1.6
Evocations     | 1 |  1.6
Hexes          | 1 |  1.2
Summonings     | 1 |  1.2
Necromancy     | 1 |  1.2
Translocations | 1 |  1.2
Transmutations | 1 |  1.2
Fire Magic     | 1 |  1.2
Ice Magic      | 1 |  1.2
Air Magic      | 1 |  1.2
Earth Magic    | 1 |  1.2
Poison Magic   | 1 |  1.2
Fighting       | |  4.8
Polearms       | |  6.7
Dodging        | |  4.8
Conjurations   | |  5.5

Action                     |  1- 3 |  4- 6 || total
---------------------------+-------+-------++-------
  Melee: Spear             |   108 |       ||   108
         Bite              |    13 |     8 ||    21
         Punch             |     1 |       ||     1
         Quarterstaff      |       |    97 ||    97
   Cast: Momentum Strike   |     2 |       ||     2
         Passwall          |     1 |       ||     1
    Use: Scroll            |       |     4 ||     4
   Stab: Sleeping          |       |     1 ||     1
 Armour: Leather armour    |    13 |    36 ||    49
  Dodge: Dodged            |    42 |    88 ||   130

Table legend: (Time is in decaauts)
 A = Elapsed time spent in this place.
 B = Non-inter-level travel time spent in this place.
 C = Inter-level travel time spent in this place.
 D = Time resting spent in this place.
 E = Time spent auto-exploring this place.
 F = Levels seen in this place.
 G = Mean time per level.
                   A        B        C        D        E       F      G
               +--------+--------+--------+--------+--------+-----+--------+
         Total |   2875 |   2611 |    264 |      4 |   1964 |   4 |  718.8 |
       Dungeon |   2875 |   2611 |    264 |      4 |   1964 |   4 |  718.8 |
               +--------+--------+--------+--------+--------+-----+--------+

Top non-repeatable levels by time:
     D:2: 1313 daAuts
     D:1: 748 daAuts
     D:3: 672 daAuts
     D:4: 139 daAuts
